 Dungeon Crawl Stone Soup version 0.31-a0-1093-gadecf4124d (webtiles) character file.

Game seed: 11606674464967837761

60 Ivernyr the Shield-Bearer (level 4, 0/37 HPs)
             Began as a Formicid Fighter on Nov 29, 2023.
             Slain by a gnoll
             ... wielding a +0 club
              (4 damage)
             ... on level 2 of the Dungeon.
             The game lasted 00:02:00 (1043 turns).

Ivernyr the Shield-Bearer (Formicid Fighter)        Turns: 1043, Time: 00:02:00

Health: 0/37       AC:  7    Str: 23    XL:     4   Next: 25%
Magic:  4/4        EV:  9    Int:  7    God:
Gold:   70         SH:  5    Dex: 13    Spells: 3/3 levels left

rFire   . . .        a - +0 quarterstaff
rCold   . . .        c - +0 buckler
rNeg    . . .        b - +0 scale mail
rPois   .            (helmet unavailable)
rElec   .            (no cloak)
rCorr   .            (no gloves)
SInv    +            (no boots)
Will    .....        (no amulet) Stlth
                     (no ring)
HPRegen 0.26/turn    (no ring)
MPRegen 0.09/turn

%: no passive effects
@: no status effects
A: permanent stasis, dig shafts and tunnels, antennae 3, four strong arms
a: Dig, Shaft Self


You were on level 2 of the Dungeon.
You visited 1 branch of the dungeon, and saw 2 of its levels.

You collected 70 gold pieces.

Inventory:

Hand Weapons
 a - a +0 quarterstaff (weapon)
Armour
 b - a +0 scale mail (worn)
 c - a +0 buckler (worn)
Jewellery
 g - a ring of protection from cold
Scrolls
 f - 3 scrolls of identify {unknown}
 h - a scroll of enchant armour {unknown}
 j - a scroll of fear {unknown}
Potions
 d - 2 potions of might
 e - 2 potions of cancellation {unknown}
 i - 2 potions of curing {unknown}
 k - a potion of magic {unknown}


   Skills:
 + Level 3.7 Fighting
 * Level 3.0 Staves
 + Level 3.7 Armour
 + Level 4.5 Shields


You had 3 spell levels left.
You didn't know any spells.
Your spell library contained the following spells:

 Spells                   Type           Power      Damage    Failure   Level
 Apportation              Tloc           0%         N/A       80%         1
 Necrotise                Necr           0%         1d4       80%         1
 Summon Small Mammal      Summ           0%         N/A       80%         1


Dungeon Overview and Level Annotations

Branches:
Dungeon (2/15)

Altars:

Shops:
D:2 ?


Innate Abilities, Weirdness & Mutations

You cannot be hasted, slowed, berserked, paralysed or teleported.
You can dig through walls and to a lower floor.
You have a pair of large antennae on your head. (SInv)
Your four strong arms can wield two-handed weapons with a shield.


Message History

The gnoll hits you with a +0 club. x2
You barely miss the gnoll.
The gnoll is almost dead.
The gnoll hits you with a +0 club.
You closely miss the gnoll.
The gnoll is almost dead.
The gnoll hits you but does no damage.
You hit the gnoll but do no damage.
The gnoll is almost dead.
The gnoll closely misses you.
You hit the gnoll.
The gnoll is almost dead.
The gnoll barely misses you.
You barely miss the gnoll.
The gnoll is almost dead.
You block the gnoll's attack. The gnoll barely misses you.
You hit the gnoll.
You kill the gnoll!
Your Staves skill increases to level 3!
You hit the gnoll but do no damage. The gnoll hits you with a +0 club!
You barely miss the gnoll. The gnoll hits you with a +0 club!
* * * LOW HITPOINT WARNING * * *
You hit the gnoll.
The gnoll is moderately wounded.
The gnoll barely misses you. The gnoll hits you with a +0 club.
* * * LOW HITPOINT WARNING * * *
You sock the gnoll!
The gnoll is severely wounded.
The gnoll hits you with a +0 club.
* * * LOW HITPOINT WARNING * * *
You hit the gnoll.
The gnoll is almost dead.
The gnoll barely misses you.
You completely miss the gnoll.
The gnoll is almost dead.
The gnoll barely misses you.
You barely miss the gnoll.
The gnoll is almost dead.
The gnoll hits you with a +0 club.
You die...

#... #..
####### ,...
....... ...
####### #g# #w#
#g# #@#######
#........
#.#######
#.#######
#.......## #
#.####[..####.#
##
#......#....>.#
#.
######...#####
##
##.##########


You could see a worm, a gnoll and a hobgoblin.

Vanquished Creatures
  2 gnolls (D:2)
  A dart slug (D:1)
  2 endoplasms
  A giant cockroach (D:1)
  2 goblins (D:1)
  3 hobgoblins (D:1)
  7 jackals (D:1)
  6 ball pythons
  4 bats
  3 frilled lizards (D:1)
  3 kobolds (D:1)
  A rat (D:2)
35 creatures vanquished.

Notes
Turn   | Place    | Note
-------+----------+-------------------------------------------
     0 | D:1      | Ivernyr the Formicid Fighter began the quest for the Orb.
     0 | D:1      | Reached XP level 1. HP: 18/18 MP: 1/1
   100 | D:1      | Reached XP level 2. HP: 24/24 MP: 2/2
   290 | D:1      | Reached XP level 3. HP: 27/29 MP: 3/3
   939 | D:2      | Found a faded altar of an unknown god.
   995 | D:2      | Found Xicex's Magic Scroll Shop.
  1023 | D:2      | Reached XP level 4. HP: 26/37 MP: 4/4
  1043 | D:2      | Slain by a gnoll

Illustrated notes

Levels and vault maps discovered:
D:1:      dpeg_arrival_windows_large_door, layout_basic, minmay_pentomino_r2
D:2:      layout_loops_ring, shapermc_ecumenical_altar_ellora, serial_shops,
          nicolae_shop_just_a_little_nook, shop_fountains, shop

Skill      XL: |  1  2  3  4 |
---------------+-------------+-----
Staves         | 3 |  3.0
Fighting       | |  3.7
Armour         | |  3.7
Shields        | |  4.5

Action                     |  1- 3 |  4- 6 || total
---------------------------+-------+-------++-------
  Melee: Quarterstaff      |   103 |    21 ||   124
 Armour: Scale mail        |    72 |    13 ||    85
  Dodge: Dodged            |    62 |     9 ||    71
  Block: Buckler           |    39 |     2 ||    41

Table legend: (Time is in decaauts)
 A = Elapsed time spent in this place.
 B = Non-inter-level travel time spent in this place.
 C = Inter-level travel time spent in this place.
 D = Time resting spent in this place.
 E = Time spent auto-exploring this place.
 F = Levels seen in this place.
 G = Mean time per level.
                   A        B        C        D        E       F      G
               +--------+--------+--------+--------+--------+-----+--------+
         Total |   1068 |   1047 |     21 |      0 |    747 |   2 |  534.0 |
       Dungeon |   1068 |   1047 |     21 |      0 |    747 |   2 |  534.0 |
               +--------+--------+--------+--------+--------+-----+--------+

Top non-repeatable levels by time:
     D:1: 773 daAuts
     D:2: 295 daAuts
